 Dungeon Crawl Stone Soup version 0.31.0-9-g3a7656b989 (webtiles) character file.

Game seed: 13367774334952151727

25 Gottschkopf the Covered (level 2, 0/27 HPs)
             Began as a Minotaur Fighter on Jan 28, 2024.
             Succumbed to an adder's poison
             ... on level 2 of the Dungeon.
             The game lasted 00:00:36 (451 turns).

Gottschkopf the Covered (Minotaur Fighter)           Turns: 451, Time: 00:00:36

Health: 0/27       AC:  7    Str: 20    XL:     2   Next: 86%
Magic:  1/1        EV:  9    Int:  5    God:
Gold:   78         SH:  4    Dex:  9    Spells: 1/1 levels left

rFire   . . .        a - +0 flail
rCold   . . .        c - +0 buckler
rNeg    . . .        b - +0 scale mail
rPois   .            (helmet restricted)
rElec   .            (no cloak)
rCorr   .            (no gloves)
SInv    .            (no boots)
Will    .....        (no amulet) Stlth
                     (no ring)
HPRegen 0.24/turn    (no ring)
MPRegen 0.07/turn

%: no passive effects
@: lethally poisoned (0 -> -5)
A: horns 2, retaliatory headbutt
a: no special abilities


You were on level 2 of the Dungeon.
You visited 1 branch of the dungeon, and saw 2 of its levels.

You collected 78 gold pieces.

Inventory:

Hand Weapons
 a - a +0 flail (weapon)
Armour
 b - a +0 scale mail (worn)
 c - a +0 buckler (worn)
Scrolls
 e - 2 scrolls of teleportation {unknown}
 f - 2 scrolls of identify {unknown}
 h - a scroll of enchant weapon {unknown}
Potions
 d - a potion of might
 g - a potion of brilliance {unknown}


   Skills:
 + Level 4.1 Fighting
 - Level 2.4 Maces & Flails
 + Level 4.1 Armour
 + Level 4.1 Shields


You had one spell level left.
You didn't know any spells.
Your spell library contained the following spells:

 Spells                   Type           Power      Damage    Failure   Level
 Ozocubu's Armour         Ice            0%         N/A       99%         3
 Metabolic Englaciation   Hex/Ice        0%         N/A       100%        5
 Sculpt Simulacrum        Ice/Alch       0%         N/A       100%        6


Dungeon Overview and Level Annotations

Branches:
Dungeon (2/15)

Altars:


Innate Abilities, Weirdness & Mutations

You have a pair of horns on your head.
You reflexively headbutt those who attack you in melee.


Message History

You miss the adder.
You feel sick. The ball python bites you. The ball python grabs you.
The ball python constricts you. The adder bites you.
You block the rat's attack. The ball python bites you.
The ball python constricts you.
You hit the ball python.
You kill the ball python!
You feel sick. The adder bites you.
You are more poisoned.
The adder poisons you! The rat barely misses you. You furiously retaliate!
You headbutt the rat.
You kill the rat!
The adder bites you but does no damage.
You barely miss the adder.
You feel sick. You block the quokka's attack.
The adder bites you but does no damage. The quokka bites you.
The adder bites you but does no damage.
You are too injured to fight recklessly!
You barely miss the adder.
You feel sick.
The quokka bites you but does no damage.
The adder bites you but does no damage. The quokka barely misses you.
You miss the adder.
You feel sick. The adder bites you.
* * * LOW HITPOINT WARNING * * *
You are lethally poisoned!
The adder poisons you!
An adder comes into view.
You block the quokka's attack. The adder bites you but does no damage.
You miss the adder.
* * * LOW HITPOINT WARNING * * *
You feel sick.
The adder hisses angrily.
The quokka barely misses you. The adder misses you. You furiously retaliate!
You headbutt the adder! The adder closely misses you.
The quokka bites you but does no damage.
You miss the adder.
The adder is severely wounded.
* * * LOW HITPOINT WARNING * * *
You feel sick. The adder bites you but does no damage.
You block the quokka's attack.
You closely miss the adder.
The adder is severely wounded.
You die...

#.##.######
.......<@S#
..!.####†r#
# ...#
##....
...#..
...#..#
...# ...
##.## .##


You could see an adder and a quokka.

Vanquished Creatures
  An adder (D:2)
  2 bats (D:1)
  2 endoplasms (D:1)
  2 hobgoblins (D:1)
  A kobold (D:2)
  5 ball pythons
  2 goblins (D:1)
  2 rats
17 creatures vanquished.

Notes
Turn   | Place    | Note
-------+----------+-------------------------------------------
     0 | D:1      | Gottschkopf the Minotaur Fighter began the quest for the
                  | Orb.
     0 | D:1      | Reached XP level 1. HP: 19/19 MP: 0/0
   142 | D:1      | Reached XP level 2. HP: 27/27 MP: 1/1
   451 | D:2      | Succumbed to an adder's poison

Illustrated notes

Levels and vault maps discovered:
D:1:      kennysheep_arrival_forest, layout_rooms
D:2:      layout_basic, nicolae_twisty_statue_hallways, uniq_crazy_yiuf_cottage

Skill      XL: |  1  2 |
---------------+-------+-----
Fighting       | 4 |  4.1
Armour         | 4 |  4.1
Shields        | 4 |  4.1
Maces & Flails | |  2.4

Action                     || total
---------------------------++-------
  Melee: Flail             ||    39
         Headbutt          ||     4
 Armour: Scale mail        ||    40
  Dodge: Dodged            ||    21
  Block: Buckler           ||    11
